 Dungeon Crawl Stone Soup version 0.29.1-12-g30fa7ad0bf (webtiles) character file.

Game seed: 1443788581800831842

212 BillyBaka the Trooper (level 5, -3/34 HPs)
             Began as a Gargoyle Fighter on Jan 9, 2023.
             Slain by a bullfrog (5 damage)
             ... in a sewer.
             The game lasted 00:06:40 (2033 turns).

BillyBaka the Trooper (Gargoyle Fighter)            Turns: 2033, Time: 00:06:41

Health: -3/34      AC:  9    Str: 22    XL:     5   Next: 90%
Magic:  0/0        EV:  6    Int:  8    God:
Gold:   95         SH: 12    Dex:  9    Spells: 4/4 levels left

rFire   + . .      SeeInvis .   a - +0 trident
rCold   + . .      Faith    .   k - +0 tower shield
rNeg    + . .      Spirit   .   m - +0 ring mail of the Evening {Rampage +Inv rPois MP-9}
rPois   ∞          Reflect  .   (no helmet)
rElec   +          Harm     .   (no cloak)
rCorr   +          Rampage  +   (no gloves)
Will    .....                   (no boots)
Stlth   ..........              t - amulet of the acrobat
HPRegen 0.11/turn               (no ring)
MPRegen 0.07/turn               (no ring)

@: resistant, flying
A: sickness immunity, AC +4, negative energy resistance 1, electricity
resistance, torment resistance 1, petrification resistance
a: Evoke Invisibility


You were in a sewer.
You visited 1 branch of the dungeon, and saw 3 of its levels.
You also visited: Sewer.

You collected 95 gold pieces.

Inventory:

Hand Weapons
 a - a +0 trident (weapon)
Armour
 k - a +0 tower shield (worn)
 m - the +0 ring mail of the Evening (worn) {Rampage +Inv rPois MP-9}
   (You found it on level 2 of the Dungeon)

   rPois:     It protects you from poison.
   MP:        It affects your magic capacity (-9).
   +Inv:      It lets you turn invisible.
   Rampage:   It bestows one free step when moving towards enemies.
Jewellery
 h - a ring of fire
 t - an amulet of the acrobat (around neck)
Wands
 b - a wand of polymorph (6)
Scrolls
 c - a scroll of poison {unknown}
 i - a scroll of magic mapping {unknown}
 j - a scroll of silence {unknown}
 n - 2 scrolls of identify {unknown}
 o - 2 scrolls of blinking
 p - a scroll of immolation {unknown}
 r - a scroll of teleportation {unknown}
Potions
 d - 2 potions of might
 e - 2 potions of curing
 l - 2 potions of degeneration {unknown}
 q - a potion of attraction {unknown}
 s - a potion of haste {unknown}


   Skills:
 + Level 4.5 Fighting
 * Level 4.1 Polearms
 - Level 3.2 Armour
 + Level 4.2 Shields


You had 4 spell levels left.
You didn't know any spells.
Your spell library contained the following spells:

 Spells                   Type           Power      Damage    Failure   Level
 Conjure Flame            Conj/Fire      0%         6-21      100%        3
 Ignite Poison            Fire/Tmut/Pois 0%         N/A       100%        3
 Sticky Flame             Conj/Fire      0%         2d3       100%        4


Dungeon Overview and Level Annotations

Branches:
Dungeon (3/15)              Sewer (1/1)

Altars:


Innate Abilities, Weirdness & Mutations

You are immune to sickness and miasma.
Your stone body is resilient. (AC +4)
You are immune to poison.
You resist negative energy. (rN+)
You are resistant to electric shocks. (rElec)
You are resistant to unholy torment.
You are immune to petrification.


Message History

It was a potion of resistance.
You feel protected. You block the bullfrog's attack.
The bullfrog hits you but does no damage.
The bullfrog barely misses you.
You barely miss the bullfrog. You block the bullfrog's attack. x2
The bullfrog barely misses you.
The bullfrog hits you but does no damage. x2
You barely miss the bullfrog.
The bullfrog is almost dead.
You block the bullfrog's attack. x2
The bullfrog hits you but does no damage. x2
You puncture the bullfrog!
You kill the bullfrog!
The bullfrog hits you.
* * * LOW HITPOINT WARNING * * *
You block the bullfrog's attack.
Your Polearms skill increases to level 4!
You barely miss the bullfrog. You block the bullfrog's attack. x2
You puncture the bullfrog!
The bullfrog is heavily wounded.
You block the bullfrog's attack. The bullfrog hits you.
* * * LOW HITPOINT WARNING * * *
You hit the bullfrog.
The bullfrog is heavily wounded.
You block the bullfrog's attack. The bullfrog barely misses you.
You hit the bullfrog.
The bullfrog is severely wounded.
The bullfrog hits you but does no damage.
You block the bullfrog's attack. x2
You closely miss the bullfrog.
The bullfrog is severely wounded.
The bullfrog hits you but does no damage.
You block the bullfrog's attack.
Unknown command.
You hit the bullfrog but do no damage.
The bullfrog is severely wounded.
The bullfrog hits you but does no damage.
The bullfrog hits you.
You die...

≈≈≈≈≈≈~~~~~~~~~~..∩.∩.#
#.~≈~~~~~~~~.########
#~~≈~÷########
#~~≈~~######################
#~~≈~~~.~...÷...............
#~~≈~~~~~~~~~~~~~~~~~~~~~~~~
#.~≈≈≈≈≈≈≈≈≈≈≈≈≈≈≈≈≈≈≈≈≈≈≈≈≈
#~~≈~~~~~~~~†~~~~~~~≈~~≈≈≈~~
#~≈≈~~.~...@F....~~≈~≈≈~~~~.
#~~≈~~#######~≈≈≈≈≈≈≈~~≈≈≈≈≈
#.~≈~~# #≈≈≈~≈≈≈≈≈≈≈≈≈≈≈≈≈
#.~≈~.# #≈≈~≈≈≈≈≈≈~.~~≈≈≈≈
#.~≈~.# #≈≈≈≈≈≈≈≈~~~. ≈≈≈
#.~≈~~# #≈≈≈≈≈≈≈r?~~. ≈≈
#.~≈~.# #≈≈≈≈≈≈.$$)~~ ~≈
#~~≈~~# #≈≈≈≈≈~~.$?.. ≈~
#~~≈~.# #≈≈≈≈≈≈~~.≈≈~ ≈≈


You could see a bullfrog and a quokka.

Vanquished Creatures
  A bullfrog (Sewer)
  7 adders
  2 river rats (D:3)
  9 ball pythons
  2 bats
  4 endoplasms
  11 giant cockroaches
  4 goblins
  4 hobgoblins
  7 jackals
  3 kobolds (D:1)
  4 quokkas
  10 frilled lizards
  3 rats
71 creatures vanquished.

Notes
Turn   | Place    | Note
-------+----------+-------------------------------------------
     0 | D:1      | BillyBaka the Gargoyle Fighter began the quest for the Orb.
     0 | D:1      | Reached XP level 1. HP: 14/14 MP: 1/1
    49 | D:1      | Reached XP level 2. HP: 17/19 MP: 2/2
   305 | D:1      | Found a faded altar of an unknown god.
   600 | D:1      | Reached XP level 3. HP: 24/24 MP: 3/3
   713 | D:2      | Identified the +0 ring mail of the Evening {Rampage +Inv
                  | rPois MP-9}
  1558 | D:3      | Reached XP level 4. HP: 18/29 MP: 0/4
  1634 | D:3      | Found a glowing drain.
  1647 | Sewer    | Entered a sewer
  1805 | Sewer    | Reached XP level 5. HP: 33/33 MP: 0/5
  2033 | Sewer    | Slain by a bullfrog

Illustrated notes

Levels and vault maps discovered:
D:1:      pf_arrival_petrified_forest, layout_rooms,
          chequers_ecumenical_altar_grove, minmay_misc_feat_x
D:2:      layout_basic
D:3:      layout_basic, portal_sewer_entry_b
Sewer:    sewer_frog_island_01

Skill      XL: |  1  2  3  4  5 |
---------------+----------------+-----
Polearms       | 2 3 4 |  4.1
Fighting       | 4 |  4.5
Shields        | 4 |  4.2
Armour         | |  3.2

Action                   |  1- 3 |  4- 6 || total
-------------------------+-------+-------++-------
Melee: Trident           |   134 |   128 ||   262
  Use: Potion            |       |     3 ||     3
Armor: Scale mail        |    51 |       ||    51
       Ring mail         |    45 |    89 ||   134
Dodge: Dodged            |    65 |    45 ||   110
Block: Buckler           |     9 |       ||     9
       Tower shield      |    76 |   106 ||   182
